 Dungeon Crawl Stone Soup version 0.18-a0-1312-gf98331d (webtiles) character file.

74 Rottenbandages the Insei (level 4, -2/35 HPs)
             Began as a Mummy Monk on Feb 14, 2016.
             Slain by a worker ant (7 damage)
             ... on level 4 of the Dungeon.
             The game lasted 00:03:57 (3314 turns).

Rottenbandages the Insei (Mummy Monk)               Turns: 3314, Time: 00:03:57

Health: -2/35      AC:  1    Str: 14    XL:     4   Next: 9%
Magic:  4/4        EV: 13    Int:  9    God:
Gold:   104        SH:  0    Dex: 15    Spells: 0 memorised, 3 levels left

rFire  x . .     SeeInvis .       - Unarmed
rCold  + . .     Gourm    .     (no armour)
rNeg   + + +     Faith    .     (no shield)
rPois  ∞         Spirit   .     (no helmet)
rElec  .         Dismiss  .     (no cloak)
rCorr  .         Reflect  .     g - +0 pair of gloves
SustAt .         Harm     .     (no boots)
MR     .....                    (no amulet)
Stlth  ++........               (no ring)
                                (no ring)

@: not resistant to hostile enchantments, unstealthy
A: no food or potions, fire vulnerability, cold resistance 1, negative energy
resistance 3, torment resistance, unbreathing
a: no special abilities


You were on level 4 of the Dungeon.
You were not hungry.

You visited 1 branch of the dungeon, and saw 4 of its levels.

You collected 104 gold pieces.


Innate Abilities, Weirdness & Mutations

You do not eat or drink.
Your flesh is vulnerable to fire.
You are immune to poison.
Your flesh is cold resistant.
You are immune to negative energy.
You are immune to unholy pain and torment.
You can survive without breathing.


   Skills:
 - Level 3.0 Fighting
 - Level 2.4 Dodging
 - Level 1.5 Stealth
 + Level 4.6 Unarmed Combat


You had 3 spell levels left.
You didn't know any spells.

Inventory:

Armour
 g - a +0 pair of gloves (worn)
 i - a steam dragon hide (quivered)
Scrolls
 a - 2 scrolls of remove curse {unknown}
 b - a scroll of amnesia {unknown}
 c - a scroll of fear {unknown}
 d - 2 scrolls of identify {unknown}
 f - 2 scrolls of teleportation {unknown}
 h - a scroll of noise {unknown}
 j - a scroll of blinking {unknown}
 k - a scroll of recharging {unknown}
Books
 e - a book of Fire {Ward against Fire}

   Spells                             Type                      Level
   a - Ignite Poison                  Fire/Transmutation/Poison    3
   b - Fireball                       Conjuration/Fire             5
   c - Bolt of Fire                   Conjuration/Fire             6
   d - Delayed Fireball               Conjuration/Fire             7
   e - Ring of Flames                 Charms/Fire                  7

Dungeon Overview and Level Annotations

Branches:
Dungeon (4/15)
 Temple: D:4-7

Altars:
Ashenzari
Fedhas
Qazlal
Trog
Zin
The Shining One

.▒ ▒ ▒.▒ .. ..▒ ..!▒
▒▒▒.▒▒▒ ▒▒...▒▒...>.
........▒.▒
▒....B@..▒▒▒▒▒▒▒
▒.▒▒▒▒.......... ▒.▒
▒▒▒.▒▒▒▒▒▒ ▒.▒
▒.▒▒▒▒▒▒▒▒... ▒▒.▒▒
▒.▒▒.<.......
▒.▒▒▒...▒▒▒▒▒.▒▒.▒▒▒▒▒...
▒.............▒▒.▒
▒▒▒▒...▒▒▒▒▒▒▒▒.▒ ▒▒.▒▒
▒.▒


You could see a worker ant.


Message History

The worker ant is severely wounded.
The worker ant barely misses you.
You hit the worker ant.
The worker ant is almost dead.
The worker ant bites you.
* * * LOW HITPOINT WARNING * * *
You are too injured to fight recklessly!
You are too injured to fight recklessly!
You are too injured to fight recklessly!
You are too injured to fight recklessly!
You are too injured to fight recklessly!
You are too injured to fight recklessly!
You are too injured to fight recklessly!
You are too injured to fight recklessly!
You are too injured to fight recklessly!
You are too injured to fight recklessly!
You hit the worker ant but do no damage.
The worker ant is almost dead.
The worker ant bites you but does no damage.
You closely miss the worker ant.
The worker ant is almost dead.
The worker ant bites you.
* * * LOW HITPOINT WARNING * * *
The worker ant bites you.
* * * LOW HITPOINT WARNING * * *
You hit the worker ant.
The worker ant is almost dead.
The worker ant waves its antennae.
The worker ant bites you!
You die...

Action                   |  1- 3 |  4- 6 || total
-------------------------+-------+-------++-------
Melee: Unarmed           |   163 |    19 ||   182
 Stab: Sleeping          |     3 |     1 ||     4
       Distracted        |     1 |       ||     1

Vault maps used:
D:1:      erik_arrival_triangle_small, serial_forest,
          infiniplex_forest_lined_room_2, infiniplex_forest_clump_medium,
          infiniplex_forest_clump_small, infiniplex_forest_split,
          infiniplex_forest_straight_2, infiniplex_forest_corner_1,
          infiniplex_forest_lined_room_2, infiniplex_forest_pool
D:2:      grunt_temple_overflow_diamond
D:3:      marbit_many_paths, tso_metal_star, ashenzari_altar_1
D:4:      first_bread, minmay_misc_feat_square

Notes
Turn   | Place    | Note
--------------------------------------------------------------
     0 | D:1      | Rottenbandages the Mummy Monk began the quest for the Orb.
     0 | D:1      | Reached XP level 1. HP: 18/18 MP: 1/1
   436 | D:1      | Reached XP level 2. HP: 24/24 MP: 2/2
   803 | D:1      | Reached skill level 4 in Unarmed Combat
  1475 | D:2      | HP: 1/24 [adder (3)]
  1477 | D:2      | Reached XP level 3. HP: 1/29 MP: 3/3
  2435 | D:2      | Found a blossoming altar of Fedhas.
  2438 | D:2      | Found a bloodstained altar of Trog.
  2441 | D:2      | Found a glowing silver altar of Zin.
  2770 | D:3      | Found a shattered altar of Ashenzari.
  3012 | D:3      | Reached XP level 4. HP: 26/35 MP: 4/4
  3025 | D:3      | Found a stormy altar of Qazlal.
  3173 | D:3      | Found a glowing golden altar of the Shining One.
  3314 | D:4      | Slain by a worker ant

Vanquished Creatures
  2 adders
  A worm (D:3)
  2 giant geckos
  A ball python (D:3)
  6 bats
  3 giant cockroaches (D:1)
  5 goblins
  5 hobgoblins
  5 jackals
  A quokka (D:3)
  2 giant newts
  10 kobolds
  7 rats
50 creatures vanquished.
